 Dungeon Crawl Stone Soup version 0.19-a0-1051-gdb7e7f8 (webtiles) character file.

3596 blurds the Protected (level 9, 0/124 HPs)
             Began as a Minotaur Berserker on Aug 1, 2016.
             Was a High Priest of Trog.
             Slain by a phantom (3 damage)
             ... on level 7 of the Dungeon on Aug 2, 2016.
             The game lasted 01:18:52 (6824 turns).

blurds the Protected (Minotaur Berserker)           Turns: 6824, Time: 01:18:52

Health: 0/124      AC: 24    Str: 30    XL:     9   Next: 85%
Magic:  8/8        EV:  2    Int:  4    God:    Trog [*****.]
Gold:   508        SH:  0    Dex: 10    Spells: 0 memorised, 8 levels left

rFire  + . .     SeeInvis .     D - +1 morningstar
rCold  x . .     Gourm    .     (armour currently unavailable)
rNeg   + + +     Faith    .     (no shield)
rPois  +         Spirit   .     (helmet currently unavailable)
rElec  .         Dismiss  .     (cloak currently unavailable)
rCorr  .         Reflect  .     (gloves currently unavailable)
SustAt .         Harm     .     (boots currently unavailable)
MR     .....     Clarity  +     (no amulet)
Stlth  +......... NoTele   +    (no ring)
                                l - ring of fire

@: mighty, lethally poisoned (0 -> -5), tree-form, not resistant to hostile
enchantments, very unstealthy
A: (retaliatory headbutt), (horns 0), clarity
a: Berserk, Trog's Hand, Brothers in Arms, Burn Spellbooks, Renounce Religion


You were on level 7 of the Dungeon.
You worshipped Trog.
Trog was extremely pleased with you.
You were not hungry.
You were a tree.
You visited 1 branch of the dungeon, and saw 7 of its levels.

You collected 508 gold pieces.

Inventory:

Hand Weapons
 a - a +0 mace
 t - a +0 hunting sling
 w - a +0 flail
 y - a +0 broad axe
 z - a +1 quarterstaff
 D - a +1 morningstar (weapon)
 G - a +1 whip of freezing
Missiles
 e - 227 stones (quivered)
 j - 38 sling bullets
 n - 17 poisoned needles
 u - 6 tomahawks
 x - 62 bolts
 A - 49 arrows
 C - 4 steel tomahawks
Armour
 d - a +0 ring mail
 f - a +1 chain mail
 h - a +1 pair of gloves (melded)
 s - a +3 plate armour (melded)
 E - a +0 leather armour of fire resistance
Jewellery
 g - an uncursed amulet of harm
 l - a ring of fire (left branch)
 F - an uncursed ring of protection from fire {unknown}
Scrolls
 m - 2 scrolls of fog
 p - a scroll of identify
 B - a scroll of magic mapping
Potions
 c - a potion of berserk rage
 i - a potion of mutation {unknown}
 k - a potion of flight
 r - a potion of brilliance
 v - a potion of magic
 H - a potion of lignification
 I - a potion of haste {unknown}
Books
 b - a Young Poisoner's Handbook

   Spells                             Type                      Level
   a - Sting                          Conjuration/Poison           1
   b - Mephitic Cloud                 Conjuration/Poison/Air       3
   c - Olgreb's Toxic Radiance        Poison                       4
   d - Alistair's Intoxication        Transmutation/Poison         5
   e - Venom Bolt                     Conjuration/Poison           5
   Trog disapproves of the use of such an item.
Comestibles
 J - 3 beef jerkies
 K - 7 slices of pizza
 L - 2 bread rations


   Skills:
 + Level 9.3 Fighting
 + Level 8.8(9.5) Maces & Flails
 + Level 5.2(7.7) Staves
 + Level 10.0 Armour
 + Level 4.9 Dodging
 + Level 0.5 Stealth


You had 8 spell levels left.
You didn't know any spells.

Dungeon Overview and Level Annotations

Branches:
Dungeon (7/15)             Temple (0/1) D:6

Altars:
Fedhas
Nemelex Xobeh
Trog


Innate Abilities, Weirdness & Mutations

((You reflexively headbutt those who attack you in melee.))
((You have a pair of horns on your head.))
You possess an exceptional clarity of mind.


Message History

The killer bee stings you but does no damage.
The killer bee stings you.
* * * LOW HITPOINT WARNING * * *
An orc comes into view. It is wielding a dagger.
You impale the orc!!
You kill the orc!
Trog accepts your kill.
You feel sick. The killer bee barely misses you. x2
The phantom hits you but does no damage.
You cannot move.
You cannot move.
You barely miss the phantom.
The phantom is severely damaged.
The killer bee stings you.
* * * LOW HITPOINT WARNING * * *
You are lethally poisoned!
The killer bee poisons you!
The killer bee stings you but does no damage.
The phantom hits you.
You die...

#....#.#.#..###### #
#....#......##...##### #.#
#....'...##.#.........# #.##
#..$.#......#....####.####..##
#..........##.....#.#.#.#.#.#.
####.........#...#.#.#.#.#.#.#
###..##.##.#.#.#.#.#.#)#.#.
#..##..)#W#.#.#÷#.#.#.#.#
#h.#####♣#.#.#.#.#.#.#.#.
#...h5yy#)#.#.#.#.#.#.#.#
##...hY#.#.#.#.#.#.#.#.#.
##########.#.#<#.#.#.#.#.#.#
#........##.#.#.#.#.#.#.#.#.
##.#####.##.#.#.#.#.#.#.#.#.#
#..........#.#.#.#.#.#)#.#.#.
###....#.##.#.#.#.#.#.#.#.#.#
#....#.###.#.#.#.#.#.#.#.#.


You could see a phantom, an ice beast, 2 howler monkeys, 2 killer bees and a
quasit.

Vanquished Creatures
  Pikel (D:5)
  A hill giant (D:6)
  The ghost of SkyDiva the Shield-Bearer, an amateur MiFi of Okawaru (D:4)
  A hog (D:7)
  Menkaure (D:7)
  A human (D:7)
  2 orc warriors
  An ice beast (D:7)
  A sky beast (D:6)
  4 ogres
  A centaur (D:7)
  Blork the orc (D:5)
  2 scorpions
  2 killer bees (D:7)
  2 howler monkeys
  2 crimson imps
  2 gnoll shamans
  5 hounds
  A centaur skeleton (D:6)
  Natasha (thrice) (D:2)
  2 orc wizards
  4 worker ants
  3 sheep (D:7)
  2 hound skeletons
  Robin (D:2)
  11 gnolls
  10 adders
  An adder zombie (D:4)
  3 worms
  3 dart slugs (D:1)
  5 giant geckos
  19 orcs
  5 bats
  2 giant cockroaches
  11 goblins
  13 hobgoblins
  8 jackals
  7 kobolds
  3 quokkas
  5 giant newts
  11 rats
164 creatures vanquished.

Vanquished Creatures (others)
  A worker ant (D:5)
  A giant newt (D:5)
2 creatures vanquished.

Grand Total: 166 creatures vanquished

Notes
Turn   | Place    | Note
-------+----------+-------------------------------------------
     0 | D:1      | blurds the Minotaur Berserker began the quest for the Orb.
     0 | D:1      | Reached XP level 1. HP: 19/19 MP: 0/0
   166 | D:1      | Reached XP level 2. HP: 27/27 MP: 1/1
   975 | D:2      | Noticed Natasha
   985 | D:2      | Killed Natasha
   985 | D:2      | Reached XP level 3. HP: 17/33 MP: 2/2
  1065 | D:2      | Reached ** piety under Trog
  1137 | D:2      | Found a bloodstained altar of Trog.
  1197 | D:2      | Reached skill level 5 in Maces & Flails
  1220 | D:2      | Reached XP level 4. HP: 35/40 MP: 3/3
  1259 | D:2      | Noticed Natasha
  1285 | D:2      | Killed Natasha
  1506 | D:2      | Reached skill level 3 in Armour
  1509 | D:2      | Noticed Robin
  1509 | D:2      | Noticed Natasha
  1527 | D:2      | Killed Natasha
  1530 | D:2      | Reached XP level 5. HP: 30/47 MP: 4/4
  1545 | D:2      | Killed Robin
  1910 | D:3      | Reached *** piety under Trog
  2058 | D:3      | Reached skill level 5 in Fighting
  3032 | D:4      | Reached XP level 6. HP: 56/56 MP: 5/5
  3050 | D:4      | Reached skill level 4 in Armour
  3054 | D:4      | Noticed SkyDiva's ghost (amateur MiFi)
  3134 | D:4      | HP: 2/56 [SkyDiva's ghost (10)]
  3408 | D:4      | Killed SkyDiva's ghost
  3408 | D:4      | Reached skill level 1 in Staves
  3408 | D:4      | Reached skill level 5 in Armour
  3408 | D:4      | Reached XP level 7. HP: 26/62 MP: 6/6
  4048 | D:4      | Reached **** piety under Trog
  4048 | D:4      | Reached skill level 6 in Armour
  4483 | D:5      | Entered Level 5 of the Dungeon
  4570 | D:5      | Noticed Pikel
  4573 | D:5      | Reached XP level 8. HP: 61/71 MP: 7/7
  4580 | D:5      | Killed Pikel
  4580 | D:5      | Reached skill level 7 in Armour
  4700 | D:5      | Found a sparkling altar of Nemelex Xobeh.
  4827 | D:5      | Found a blossoming altar of Fedhas.
  4853 | D:5      | Noticed Blork the orc
  4862 | D:5      | Killed Blork the orc
  4862 | D:5      | Reached skill level 8 in Armour
  5186 | D:5      | Reached skill level 5 in Staves
  5408 | D:6      | Reached XP level 9. HP: 69/80 MP: 8/8
  5463 | D:6      | Found a staircase to the Ecumenical Temple.
  5950 | D:6      | Received a gift from Trog
  5978 | D:6      | Gained mutation: You possess an exceptional clarity of mind. [mutagenic meat]
  6078 | D:6      | Noticed a hill giant
  6091 | D:6      | Killed a hill giant
  6091 | D:6      | Reached skill level 9 in Armour
  6290 | D:7      | Noticed Menkaure
  6304 | D:7      | Killed Menkaure
  6809 | D:7      | Reached skill level 10 in Armour
  6818 | D:7      | Reached ***** piety under Trog
  6823 | D:7      | HP: 6/124 [poisoned by a killer bee]
  6824 | D:7      | Slain by a phantom

Vault maps used:
D:1:      lemuel_arrival_broad_hall
D:2:      lightli_temple_of_fire, kennysheep_potato, uniq_natasha, uniq_robin
D:3:      first_bread, minivault_24
D:4:      nicolae_overflow_hidden_temple
D:5:      nicolae_overflow_crystal_walls, lemuel_doored_altar,
          uniq_blork_the_orc, uniq_pikel
D:6:      grunt_ministairs_13
D:7:      grunt_livestock, uniq_menkaure

Skill      XL: |  1  2  3  4  5  6  7  8  9 |
---------------+----------------------------+-----
Maces & Flails | 4 5 6 7 8 |  8.8
Fighting       | 4 5 6 7 9 |  9.3
Armour         | 3 5 6 8 10 | 10.0
Dodging        | 3 4 |  4.9
Staves         | 1 3 5 |  5.2
Stealth        | |  0.5

Action                   |  1- 3 |  4- 6 |  7- 9 || total
-------------------------+-------+-------+-------++-------
Melee: Mace              |    54 |    73 |       ||   127
       Headbutt          |    10 |    41 |    49 ||   100
       Flail             |       |    51 |       ||    51
       Quarterstaff      |       |    63 |    61 ||   124
       Morningstar       |       |       |   225 ||   225
  Use: Scroll            |       |     4 |     8 ||    12
       Potion            |       |     2 |    16 ||    18
  Eat: Bread ration      |     1 |     1 |     1 ||     3
       Beef jerky        |       |       |     2 ||     2
       Fruit             |       |       |     2 ||     2
       Royal jelly       |       |       |     1 ||     1
       Chunk             |       |       |     1 ||     1
Armor: Chain mail        |    31 |    91 |     7 ||   129
       Ring mail         |     1 |       |       ||     1
       Plate armour      |       |       |   142 ||   142
       Skin              |       |       |    28 ||    28
Dodge: Dodged            |    25 |    97 |   134 ||   256
